Construct Weapon Support Center
Improved M9 Bazooka Rockets
Selects Special Operations Battlegroup
Selects M29 Weasel Recon Vehicle
Mechanized Support Center
Selects SSF Commando Squad
Selects P-47 Anti-Infantry Loiter
Selects UNKNOWN (2162291)
Designate Forward Repair Station
M16 Multiple Gun Motor Carriage
P-47 Anti-Infantry Loiter
M18 Hellcat Tank Destroyer
Selects Air Re-supply Operation
P-47 Anti-Infantry Loiter
Construct Medical Station
P-47 Anti-Infantry Loiter
M4A1(76) Sherman Medium Tank